 Dungeon Crawl Stone Soup version 0.31-a0-246-g8cbcc1cb85 (webtiles) character file.

Game seed: 14713770571904166582

35 qw the Shooter (level 3, -1/21 HPs)
             Began as a Gargoyle Hexslinger on July 12, 2023.
             Slain by an endoplasm (2 damage)
             ... on level 1 of the Dungeon.
             The game lasted 00:00:28 (842 turns).

qw the Shooter (Gargoyle Hexslinger)                 Turns: 842, Time: 00:00:29

Health: -1/21      AC:  8    Str: 11    XL:     3   Next: 35%
Magic:  4/4        EV: 10    Int: 13    God:
Gold:   14         SH:  5    Dex: 14    Spells: 3/4 levels left

rFire   . . .        Y - +1 sling
rCold   . . .        (no shield)
rNeg    + . .        j - +0 ring mail
rPois   inf          (no helmet)
rElec   +            (no cloak)
rCorr   .            (no gloves)
SInv    .            (no boots)
Will    .....        f - amulet of reflection
Stlth   +            (no ring)
HPRegen 0.23/turn    (no ring)
MPRegen 0.09/turn

%: reflection
@: attractive
A: sickness immunity, AC +3, negative energy resistance 1, electricity
resistance, torment resistance 1, petrification resistance
a: no special abilities


You were on level 1 of the Dungeon.
You visited 1 branch of the dungeon, and saw 2 of its levels.

You collected 14 gold pieces.


Innate Abilities, Weirdness & Mutations

You are immune to sickness and miasma.
Your stone body is resilient. (AC +3)
You are immune to poison.
You resist negative energy. (rN+)
You are resistant to electric shocks. (rElec)
You are resistant to unholy torment.
You are immune to petrification.


   Skills:
 - Level 2.0 Fighting
 + Level 3.3 Ranged Weapons
 - Level 1.5 Dodging
 - Level 1.0 Spellcasting
 - Level 2.6 Hexes


You had 3 spell levels left.
You knew the following spells:

 Your Spells              Type           Power      Damage    Failure   Level
a - Slow                  Hex            28%        N/A       22%         1

Your spell library contained the following spells:

 Spells                   Type           Power      Damage    Failure   Level
 Inner Flame              Hex/Fire       4%         N/A       75%         3
 Portal Projectile        Hex/Tloc       8%         N/A       75%         3
 Cause Fear               Hex            3%         N/A       92%         4

Inventory:

Hand Weapons
 Y - a +1 sling (weapon)
Armour
 j - a +0 ring mail (worn)
Jewellery
 f - an amulet of reflection (around neck)
Potions
 g - a potion of curing {unknown}

Dungeon Overview and Level Annotations

Branches:
Dungeon (2/15)

Altars:

Shops:
D:2 *


Message History

You shoot a sling bullet.
The sling bullet hits the endoplasm but does no damage.
The endoplasm barely misses you.
You shoot a sling bullet.
The sling bullet barely misses the worm.
You block the endoplasm's attack. The worm bites you but does no damage.
The endoplasm freezes you.
You are frozen.
835 ||| STAIRDANCE The worm closely misses you.
The endoplasm freezes you.
You are frozen.
You climb upwards.
There is a stone staircase leading down here.
You shoot a sling bullet. The sling bullet hits the worm.
The worm is moderately wounded.
The endoplasm freezes you.
You are frozen.
The worm bites you.
You shoot a sling bullet. The sling bullet hits the worm.
The worm is heavily wounded.
The endoplasm hits you but does no damage.
The endoplasm freezes you.
You are frozen.
You block the worm's attack.
You shoot a sling bullet.
The sling bullet completely misses the worm.
The endoplasm freezes you.
You are frozen.
You shoot a sling bullet. The sling bullet hits the worm.
The worm is heavily wounded.
The endoplasm freezes you.
You are frozen.
The worm bites you but does no damage.
You shoot a sling bullet. The sling bullet hits the worm.
The worm is severely wounded.
The endoplasm freezes you.
You are frozen.
The worm bites you but does no damage. The endoplasm barely misses you.
You shoot a sling bullet. The sling bullet hits the worm.
The worm is almost dead.
The endoplasm hits you.
You die...

#.### #....##.#############
#.# #.....#.############# #.#
#.....#.#############
#.#######.....#.#############
#.#...........#.#############
#.#.######.#..#.....¤¤#######
#.#.#####..#..#..####¤#######
..#........####J.####¤#######
................@####¤#######
................w####¤#######
##########.#####.####¤#######
..........)..###.####¤#######
#######..#.#.###)####.#######
...........#.###.####.#######
###....#####.###.####.#######
.............###.####.#
###.....#.............#


You could see a worm and an endoplasm.

Vanquished Creatures
  3 ball pythons (D:1)
  2 bats (D:1)
  6 endoplasms (D:1)
  A giant cockroach (D:1)
  3 goblins (D:1)
  2 hobgoblins (D:1)
  4 jackals (D:1)
  A quokka (D:1)
  A frilled lizard (D:1)
  2 kobolds (D:1)
  3 rats
28 creatures vanquished.

Notes
Turn   | Place    | Note
-------+----------+-------------------------------------------
     0 | D:1      | qw the Gargoyle Hexslinger began the quest for the Orb.
     0 | D:1      | Reached XP level 1. HP: 12/12 MP: 2/2
     0 | D:1      | 0 ||| qw: Version: 0.3-a-52-g30416fa
     0 | D:1      | 0 ||| qw: Game counter: 6238
     0 | D:1      | 0 ||| qw: Melee chars always use a shield: true
     0 | D:1      | 0 ||| qw: God list: Okawaru
     0 | D:1      | 0 ||| qw: Allow faded altars: false
     0 | D:1      | 0 ||| qw: Do Orc after clearing Dungeon:15 true
     0 | D:1      | 0 ||| qw: Do second Lair branch before Depths: true
     0 | D:1      | 0 ||| qw: Lair rune preference: random
     0 | D:1      | 0 ||| qw: Goals: Normal
     0 | D:1      | 0 ||| PLANNING D:1-11
   180 | D:1      | Reached XP level 2. HP: 16/16 MP: 3/3
   235 | D:1      | Reached skill level 3 in Ranged Weapons
   250 | D:1      | 250 ||| FLEEEEING.
   251 | D:1      | 251 ||| FLEEEEING.
   252 | D:1      | 252 ||| FLEEEEING.
   253 | D:1      | 253 ||| FLEEEEING.
   254 | D:1      | 254 ||| FLEEEEING.
   255 | D:1      | 255 ||| FLEEEEING.
   258 | D:1      | 258 ||| FLEEEEING.
   259 | D:1      | 259 ||| FLEEEEING.
   261 | D:1      | 261 ||| FLEEEEING.
   266 | D:1      | 266 ||| FLEEEEING.
   267 | D:1      | 267 ||| FLEEEEING.
   268 | D:1      | 268 ||| FLEEEEING.
   269 | D:1      | 269 ||| FLEEEEING.
   270 | D:1      | 270 ||| FLEEEEING.
   507 | D:1      | Reached XP level 3. HP: 21/21 MP: 4/4
   540 | D:1      | Found a faded altar of an unknown god.
   790 | D:1      | 790 ||| UPGRADING to +0 leather armour.
   800 | D:1      | 800 ||| DROPPING +0 robe.
   801 | D:1      | 801 ||| UPGRADING to +0 ring mail.
   811 | D:1      | 811 ||| DROPPING +0 leather armour.
   812 | D:1      | 812 ||| UPGRADING to amulet of reflection.
   817 | D:1      | 817 ||| READING scroll labelled CEJUSETTI.
   818 | D:1      | 818 ||| READING scroll labelled SONGU QOVEFONA.
   819 | D:1      | 819 ||| DRINKING 2 fuming white potions.
   820 | D:1      | 820 ||| DROPPING scroll of poison.
   821 | D:1      | 821 ||| DROPPING potion of attraction.
   831 | D:2      | Found Kotuac's Assorted Antiques.
   835 | D:2      | 835 ||| STAIRDANCE
   839 | D:1      | HP: 4/21 [frozen (2)]
   841 | D:1      | HP: 1/21 [frozen (2)]
   842 | D:1      | Slain by an endoplasm

Levels and vault maps discovered:
D:1:      dpeg_arrival_rhombus, layout_basic,
          dreamdust_ecumenical_altar_angels_and_demons, hangedman_decor_lopped,
          chequers_hall_statues_wall_a
D:2:      minmay_alternating_diamond, layout_rooms, serial_shops, shop,
          nicolae_shop_mannequins, shop, nicolae_shop_hallway_plus, shop

Skill      XL: |  1  2 |
---------------+-------+-----
Ranged Weapons | 3 |  3.3
Fighting       | 2 |  2.0
Dodging        | |  1.5
Spellcasting   | |  1.0
Hexes          | |  2.6

Action                     || total
---------------------------++-------
   Fire: Sling             ||   110
    Use: Scroll            ||     2
         Potion            ||     1
 Armour: Robe              ||    14
         Ring mail         ||     4
  Dodge: Dodged            ||    50
  Block: Other             ||     2

Table legend:
 A = Non-vault XP
 B = Vault XP
 C = Vault XP percentage of total XP
 D = Non-vault monster count
 E = Vault monster count
 F = Vault count percentage of total count
                 A         B        C        D         E       F
            +---------+---------+-------+---------+---------+-------
      Total |      51 |       0 |   0.0 |      28 |       0 |   0.0
            +---------+---------+-------+---------+---------+-------
        D:1 |      50 |       0 |   0.0 |      27 |       0 |   0.0
        D:2 |       1 |       0 |   0.0 |       1 |       0 |   0.0
            +---------+---------+-------+---------+---------+-------
